 Dungeon Crawl Stone Soup version 0.20-a0-1089-g3fde505 (webtiles) character file.

888 Kidiri the Magician (level 7, -5/38 HPs)
             Began as a Deep Elf Fire Elementalist on May 2, 2017.
             Slain by Pikel
             ... wielding a +2 whip of electrocution
              (19 damage)
             ... on level 5 of the Dungeon.
             The game lasted 00:21:48 (4950 turns).

Kidiri the Magician (Deep Elf Fire Elementalist)    Turns: 4950, Time: 00:21:49

Health: -5/38      AC:  6    Str:  5    XL:     7   Next: 77%
Magic:  0/20       EV: 14    Int: 22    God:
Gold:   23         SH:  0    Dex: 18    Spells: 3/21 levels left

rFire    + . .     SeeInvis .   l - +4 dagger (elec)
rCold    x . .     Gourm    .   (no shield)
rNeg     . . .     Faith    .   a - +0 robe
rPois    +         Spirit   .   n - +0 helmet (curse)
rElec    .         Reflect  .   d - +2 cloak {rPois}
rCorr    .         Harm     .   (no gloves)
MR       .....                  (no boots)
Stlth    ++........             (no amulet)
Regen    0.2/turn               u - ring of fire
MPRegen  0.2/turn               t - +3 ring of dexterity

@: very slightly contaminated
A: no striking features
a: no special abilities


You were on level 5 of the Dungeon.
You were not hungry.

You visited 1 branch of the dungeon, and saw 5 of its levels.

You collected 259 gold pieces.
You spent 236 gold pieces at shops.

Inventory:

Hand Weapons
 l - a +4 dagger of electrocution (weapon)
Armour
 a - a +0 robe (worn)
 d - a +2 cloak of poison resistance (worn)
 m - a +0 leather armour
 n - a cursed +0 helmet (worn)
 v - a +1 shield of protection
Jewellery
 t - a +3 ring of dexterity (right hand)
 u - a ring of fire (left hand)
Wands
 k - a wand of polymorph (10/24)
 B - a wand of confusion (24/48)
Scrolls
 h - 4 scrolls of remove curse
 i - 2 scrolls of teleportation
 r - 2 scrolls of recharging {unknown}
 s - 2 scrolls of fog {unknown}
 w - a scroll of amnesia
 x - a scroll of fear
 y - a scroll of magic mapping {unknown}
Potions
 e - a potion of might
 g - 2 potions of curing
 j - 3 potions of agility
 o - 2 potions of haste
 q - 3 potions of brilliance
 z - 2 potions of berserk rage
Books
 b - a book of Flames

   Spells                             Type                      Level
   a - Flame Tongue                   Conjuration/Fire             1
   b - Throw Flame                    Conjuration/Fire             2
   c - Conjure Flame                  Conjuration/Fire             3
   d - Inner Flame                    Hexes/Fire                   3
   e - Sticky Flame                   Conjuration/Fire             4
   f - Fireball                       Conjuration/Fire             5
Comestibles
 c - 4 bread rations
 f - 4 meat rations
 p - 3 chunks of flesh


   Skills:
 + Level 1.2 Fighting
 + Level 1.1 Short Blades
 + Level 1.0 Armour
 + Level 3.4 Dodging
 - Level 2.4 Stealth
 + Level 0.7 Shields
 * Level 7.5 Spellcasting
 + Level 4.6 Conjurations
 + Level 5.6 Fire Magic


You had 3 spell levels left.
You knew the following spells:

 Your Spells              Type           Power        Failure   Level  Hunger
a - Flame Tongue          Conj/Fire      #####        1%          1    None
b - Throw Flame           Conj/Fire      #####.       1%          2    None
c - Conjure Flame         Conj/Fire      #####...     2%          3    None
d - Inner Flame           Hex/Fire       ####....     8%          3    None
e - Sticky Flame          Conj/Fire      #####...     10%         4    ###....
f - Fireball              Conj/Fire      #####.....   26%         5    #####..


Dungeon Overview and Level Annotations

Branches:
Dungeon (5/15)
 Temple: D:4-7

Altars:
Cheibriados
Dithmenos
Elyvilon
Qazlal
Wu Jian
The Shining One

Shops:
D:5 *

Annotations:
D:5 Pikel


Message History

Pikel says, "Slavery isn't that bad."
Casting: Flame Tongue
Confirm with . or Enter, or press ? or * to list all spells.
Aiming: Flame Tongue
Press: ? - help, Shift-Dir - straight line, f/p - Pikel
Aim: Pikel, wielding a whip of electrocution and wearing a robe (almost dead, unusually resistant)
You feel a surge of power!
The flame tongue misses Pikel.
Pikel hits you with a whip of electrocution.
You hit Pikel but do no damage.
Pikel is almost dead.
Pikel hits you but does no damage.
You feel much better.
Pikel hits you with a whip of electrocution!
You are electrocuted!
You closely miss Pikel.
Pikel is almost dead.
Pikel hits you with a whip of electrocution.
You are electrocuted!
Ouch! That really hurt!
You die...

..# #.......###########.# ..#
#.......# #.# ..###### #.......#
#.# .......## #.......#
########.### ..####..# #########
#........... ..# ##.#
#...........
#.#####.##############...........
....................§.....>......
#####.#..#######@#§§.#...........
................K#§§.#...........
#####.##.#######.##..#...........
..# #.# .# #.##....##.[######
....... .. #.#####.##..#
..###.##.## #p# #.##..# ..# #.##.
#.#####.##..# ..# #.##.#
#...........# ### .# ..
#.########..#


You could see Pikel and a slave.

Vanquished Creatures
  Edmund (D:5)
  An ogre (D:4)
  A bullfrog (D:5)
  2 scorpions (D:4)
  A centaur zombie (D:5)
  A hound (D:4)
  Crazy Yiuf (D:3)
  A bullfrog skeleton (D:5)
  Terence (D:2)
  A centaur skeleton (D:4)
  3 iguanas (D:4)
  2 orc wizards (D:5)
  A hound skeleton (D:4)
  Robin (D:2)
  8 adders
  A gnoll (D:1)
  2 oozes
  2 dart slugs
  A worm (D:2)
  6 leopard geckos
  9 orcs
  A ball python (D:2)
  2 giant cockroaches
  11 goblins
  7 hobgoblins
  11 jackals
  10 kobolds
  2 quokkas
  11 bats
  7 frilled lizards
  6 rats
115 creatures vanquished.

Notes
Turn   | Place    | Note
-------+----------+-------------------------------------------
     0 | D:1      | Kidiri the Deep Elf Fire Elementalist began the quest for the Orb.
     0 | D:1      | Reached XP level 1. HP: 10/10 MP: 6/6
   313 | D:1      | Reached XP level 2. HP: 15/15 MP: 4/8
   320 | D:1      | Learned a level 2 spell: Throw Flame
   694 | D:1      | Reached XP level 3. HP: 14/19 MP: 1/10
   700 | D:1      | Learned a level 3 spell: Conjure Flame
   704 | D:1      | Learned a level 3 spell: Inner Flame
   783 | D:1      | Reached skill level 4 in Spellcasting
  1351 | D:2      | Noticed Terence
  1534 | D:2      | Reached XP level 4. HP: 20/24 MP: 8/12
  1577 | D:2      | Noticed Robin
  1582 | D:2      | Killed Robin
  1929 | D:2      | Reached skill level 5 in Spellcasting
  1935 | D:2      | Learned a level 4 spell: Sticky Flame
  2359 | D:2      | Killed Terence
  2359 | D:2      | Reached XP level 5. HP: 23/28 MP: 0/14
  2731 | D:3      | Noticed a fire elemental
  2733 | D:3      | Found a stormy altar of Qazlal.
  2735 | D:3      | Noticed an air elemental
  2735 | D:3      | Noticed a water elemental
  2863 | D:3      | Found a glowing golden altar of the Shining One.
  3374 | D:3      | Found a runed door.
  3378 | D:3      | Noticed Crazy Yiuf
  3383 | D:3      | Killed Crazy Yiuf
  3596 | D:4      | Found a snail-covered altar of Cheibriados.
  3611 | D:4      | Reached XP level 6. HP: 9/32 MP: 10/16
  3839 | D:4      | Found a white marble altar of Elyvilon.
  3881 | D:4      | Reached skill level 6 in Spellcasting
  3881 | D:4      | Reached skill level 5 in Fire Magic
  4044 | D:4      | Learned a level 5 spell: Fireball
  4070 | D:4      | Reached XP level 7. HP: 34/36 MP: 14/19
  4154 | D:4      | Reached skill level 7 in Spellcasting
  4441 | D:5      | Entered Level 5 of the Dungeon
  4523 | D:5      | Found Saabir's General Store.
  4542 | D:5      | Bought a +1 shield of protection for 181 gold pieces
  4542 | D:5      | Bought a potion of heal wounds for 55 gold pieces
  4638 | D:5      | Found an ornate altar of the Wu Jian Council.
  4651 | D:5      | Noticed Edmund
  4664 | D:5      | Killed Edmund
  4664 | D:5      | Reached skill level 1 in Fighting
  4664 | D:5      | Reached skill level 1 in Armour
  4780 | D:5      | Reached skill level 1 in Short Blades
  4870 | D:5      | Found a shadowy altar of Dithmenos.
  4918 | D:5      | Noticed Pikel
  4950 | D:5      | Slain by Pikel

Vault maps used:
D:1:      minmay_arrival_jagged, serial_forest, infiniplex_forest_3_way,
          infiniplex_forest_clump_long, infiniplex_forest_straight_2,
          infiniplex_forest_lined_4_way, infiniplex_forest_corner_1,
          minmay_split_cup_large
D:2:      uniq_robin, uniq_terence
D:3:      nicolae_qazlal_style_of_elements, first_bread, tso_altar,
          uniq_crazy_yiuf_cottage
D:4:      elyvilon_altar_5, cheibriados_altar_1
D:5:      grunt_dithmenos_smoke, lemuel_crystal_altar,
          minmay_temple_entry_trees, serial_shops, shop,
          cheibrodos_ashenzari_chains, uniq_pikel, uniq_blork_the_orc,
          uniq_edmund

Skill      XL: |  1  2  3  4  5  6  7 |
---------------+----------------------+-----
Conjurations   | 2 3 4 |  4.6
Spellcasting   | 4 5 6 7 |  7.5
Fire Magic     | 4 5 |  5.6
Fighting       | 1 |  1.2
Armour         | 1 |  1.0
Dodging        | 3 |  3.4
Short Blades   | 1 |  1.1
Stealth        | |  2.4
Shields        | |  0.7

Action                   |  1- 3 |  4- 6 |  7- 9 || total
-------------------------+-------+-------+-------++-------
Melee: Unarmed           |     1 |       |       ||     1
       Dagger            |     3 |    77 |    26 ||   106
 Cast: Flame Tongue      |    61 |    48 |    29 ||   138
       Throw Flame       |     1 |     3 |       ||     4
       Conjure Flame     |     1 |     3 |     1 ||     5
       Inner Flame       |     1 |     1 |     2 ||     4
       Sticky Flame      |       |     6 |     6 ||    12
  Use: Potion            |     1 |       |     2 ||     3
       Scroll            |       |    10 |     6 ||    16
 Stab: Sleeping          |       |     4 |     5 ||     9
  Eat: Fruit             |     3 |       |     3 ||     6
       Chunk             |       |     5 |     1 ||     6
       Bread ration      |       |     1 |       ||     1
Armor: Robe              |    15 |    13 |     9 ||    37
Dodge: Dodged            |    58 |    63 |    19 ||   140
